 Dungeon Crawl Stone Soup version 0.29-a0-492-g10b964d8d7 (webtiles) character file.

Game seed: 14498909327532860755

151 KateP the Chopper (level 5, 0/47 HPs)
             Began as a Minotaur Fighter on May 27, 2022.
             Slain by a water moccasin (4 damage)
             ... on level 3 of the Dungeon.
             The game lasted 00:01:35 (2222 turns).

KateP the Chopper (Minotaur Fighter)                Turns: 2222, Time: 00:01:37

Health: 0/47       AC:  7    Str: 22    XL:     5   Next: 11%
Magic:  4/4        EV:  6    Int:  5    God:
Gold:   67         SH: 12    Dex: 10    Spells: 4/4 levels left

rFire   . . .      SeeInvis .   a - +0 war axe
rCold   . . .      Faith    .   k - +0 tower shield of Ycreunuw {rN+ Regen+}
rNeg    + . .      Spirit   .   b - +0 scale mail
rPois   .          Reflect  .   (helmet restricted)
rElec   .          Harm     .   (no cloak)
rCorr   .          Rampage  .   (no gloves)
Will    .....                   (no boots)
Stlth   ..........              (no amulet)
HPRegen 0.95/turn               (no ring)
MPRegen 0.09/turn               (no ring)

@: mighty, lethally poisoned (0 -> -2)
A: horns 2, retaliatory headbutt
a: no special abilities


You were on level 3 of the Dungeon.
You visited 1 branch of the dungeon, and saw 3 of its levels.

You collected 67 gold pieces.

Inventory:

Hand Weapons
 a - a +0 war axe (weapon)
Armour
 b - a +0 scale mail (worn)
 k - the +0 tower shield of Ycreunuw (worn) {rN+ Regen+}
   (You found it on level 2 of the Dungeon)

   rN:        It protects you from negative energy.
   Regen:     It increases your rate of health regeneration.
Scrolls
 c - 2 scrolls of enchant weapon {unknown}
 e - 2 scrolls of teleportation {unknown}
 f - 2 scrolls of identify {unknown}
 j - a scroll of magic mapping {unknown}
 m - 2 scrolls of enchant armour {unknown}
 n - a scroll of silence {unknown}
Potions
 d - 3 potions of might
 g - a potion of lignification {unknown}
 h - 2 potions of brilliance {unknown}
 i - 2 potions of mutation {unknown}
 l - a potion of flight {unknown}


   Skills:
 + Level 4.5 Fighting
 * Level 4.7 Axes
 + Level 4.6 Armour
 + Level 4.1 Shields


You had 4 spell levels left.
You didn't know any spells.
Your spell library was empty.

Dungeon Overview and Level Annotations

Branches:
Dungeon (3/15)

Altars:
Kikubaaqudgha


Innate Abilities, Weirdness & Mutations

You have a pair of horns on your head.
You reflexively headbutt those who attack you in melee.


Message History

You miss the water moccasin.
The water moccasin is severely wounded.
You hit the orc. You block the water moccasin's attack.
You block the orc's attack. The water moccasin bites you.
You are poisoned.
The water moccasin poisons you!
An orc comes into view. It is wielding a +0 hand axe of venom.
The orc closely misses you.
The water moccasin bites you but does no damage.
You miss the water moccasin.
The orc shouts!
Your headbutt misses the water moccasin.
The water moccasin is severely wounded.
You closely miss the orc.
You feel very sick. The water moccasin bites you.
You are more poisoned.
The water moccasin poisons you! You block the orc's attack.
The water moccasin bites you. The orc hits you with a +0 war axe.
You miss the water moccasin.
Your headbutt misses the water moccasin.
The water moccasin is severely wounded.
You barely miss the orc.
You feel extremely sick. The water moccasin closely misses you.
The orc barely misses you. You block the water moccasin's attack.
You miss the water moccasin.
The water moccasin is severely wounded.
You closely miss the orc.
You feel very sick. The water moccasin bites you.
* * * LOW HITPOINT WARNING * * *
You block the water moccasin's attack. x2
You completely miss the water moccasin.
The water moccasin is severely wounded.
You hit the orc.
You feel very sick.
The water moccasin bites you but does no damage.
You block the orc's attack. The water moccasin bites you.
You die...

....#..#.# #
.##.#..#.##.. ...#.
............## ...$
.........#####.##[..#
....................##
#####..#######.#....$
#..............###.#
##.#######..S.......
#.# ###@#
#.#######.#o##
#........#.o.#
#########..#...(o.
##.<.###.o ##...$.
#####


You could see a water moccasin and 2 orcs.

Vanquished Creatures
  Jessica (D:2)
  3 gnolls (D:3)
  6 adders
  A worm (D:2)
  A dart slug (D:2)
  An orc (D:3)
  3 bats
  5 endoplasms
  2 giant cockroaches
  3 hobgoblins
  3 kobolds
  A quokka (D:2)
  A ball python (D:1)
  4 frilled lizards
  2 goblins
  4 rats
41 creatures vanquished.

Notes
Turn   | Place    | Note
-------+----------+-------------------------------------------
     0 | D:1      | KateP the Minotaur Fighter began the quest for the Orb.
     0 | D:1      | Reached XP level 1. HP: 19/19 MP: 0/0
   351 | D:1      | Found a faded altar of an unknown god.
  1167 | D:2      | Reached XP level 2. HP: 26/27 MP: 1/1
  1252 | D:2      | Noticed Jessica
  1261 | D:2      | Killed Jessica
  1262 | D:2      | Reached XP level 3. HP: 8/33 MP: 2/2
  1267 | D:2      | Identified the +0 tower shield of Ycreunuw {rN+ Regen+}
  1536 | D:2      | Reached XP level 4. HP: 40/40 MP: 3/3
  1633 | D:2      | Found an ancient bone altar of Kikubaaqudgha.
  2113 | D:3      | Reached XP level 5. HP: 40/47 MP: 4/4
  2212 | D:3      | Noticed a water moccasin
  2222 | D:3      | Slain by a water moccasin

Illustrated notes

Levels and vault maps discovered:
D:1:      amcnicky_arrival_choice, layout_loops_corners,
          shapermc_ecumenical_altar_gd
D:2:      layout_loops_ring, basic_altar, uniq_jessica
D:3:      layout_loops_ring

Skill      XL: |  1  2  3  4 |
---------------+-------------+-----
Axes           | 3 4 |  4.7
Fighting       | 4 |  4.5
Armour         | 4 |  4.6
Shields        | 4 |  4.1

Action                   |  1- 3 |  4- 6 || total
-------------------------+-------+-------++-------
Melee: War axe           |    45 |    61 ||   106
       Headbutt          |     4 |     6 ||    10
  Use: Potion            |       |     1 ||     1
Armor: Scale mail        |    16 |    18 ||    34
Dodge: Dodged            |    16 |    12 ||    28
Block: Buckler           |     3 |       ||     3
       Tower shield      |     4 |    51 ||    55

Table legend: (Time is in decaauts)
 A = Elapsed time spent in this place.
 B = Non-inter-level travel time spent in this place.
 C = Inter-level travel time spent in this place.
 D = Time resting spent in this place.
 E = Time spent auto-exploring this place.
 F = Levels seen in this place.
 G = Mean time per level.
                   A        B        C        D        E       F      G
               +--------+--------+--------+--------+--------+-----+--------+
         Total |   2281 |   2281 |      0 |    142 |   1766 |   3 |  760.3 |
       Dungeon |   2281 |   2281 |      0 |    142 |   1766 |   3 |  760.3 |
               +--------+--------+--------+--------+--------+-----+--------+

Top non-repeatable levels by time:
     D:1: 1057 daAuts
     D:2: 990 daAuts
     D:3: 234 daAuts
